 Dungeon Crawl Stone Soup version 0.31.0-11-ge490571c62 (webtiles) character file.

Game seed: 12129869926568603658

779 mopl the Toxicologist (level 8, -3/56 HPs)
             Began as a Formicid Alchemist on Feb 7, 2024.
             Slain by a water moccasin (6 damage)
             ... on level 5 of the Dungeon.
             The game lasted 00:06:18 (3849 turns).

mopl the Toxicologist (Formicid Alchemist)          Turns: 3849, Time: 00:06:20

Health: -3/56      AC:  3    Str: 12    XL:     8   Next: 10%
Magic:  0/12       EV: 12    Int: 18    God:
Gold:   289        SH:  0    Dex: 14    Spells: 8/13 levels left

rFire   . . .        y - +1 quarterstaff (spect)
rCold   . . .        (no shield)
rNeg    . . .        a - +0 robe
rPois   .            (helmet unavailable)
rElec   .            m - +0 cloak
rCorr   .            (no gloves)
SInv    +            (no boots)
Will    .....        t - amulet of guardian spirit
Stlth   ++           v - ring of flight
HPRegen 0.29/turn    (no ring)
MPRegen 0.13/turn

%: guardian spirit
@: flying
A: permanent stasis, dig shafts and tunnels, antennae 3, four strong arms
a: Dig, Shaft Self


You were on level 5 of the Dungeon.
You visited 2 branches of the dungeon, and saw 6 of its levels.

You collected 289 gold pieces.

Inventory:

Hand Weapons
 f - a +0 dagger
 q - the +4 dagger "Xeph" {freeze, SInv Stlth+}
   (You found it on level 3 of the Dungeon)

   SInv:      It lets you see invisible.
   Stlth+:    It makes you more stealthy.
 r - a +0 war axe
 y - a +1 spectral quarterstaff (weapon)
Missiles
 j - 6 javelins
 k - 13 poisoned darts
Armour
 a - a +0 robe (worn)
 m - a +0 cloak (worn)
Jewellery
 t - an amulet of guardian spirit (around neck)
 v - a ring of flight (left hand)
Scrolls
 c - 3 scrolls of teleportation {unknown}
 e - a scroll of noise {unknown}
 h - 3 scrolls of identify {unknown}
 i - 3 scrolls of enchant weapon {unknown}
 l - a scroll of immolation {unknown}
 p - a scroll of amnesia {unknown}
 w - a scroll of summoning {unknown}
 z - a scroll of poison {unknown}
Potions
 b - 3 potions of magic
 d - a potion of curing
 g - 2 potions of brilliance {unknown}
 n - a potion of berserk rage {unknown}
 o - a potion of resistance {unknown}
 s - a potion of heal wounds {unknown}
 u - a potion of invisibility {unknown}
 x - a potion of enlightenment {unknown}


   Skills:
 + Level 2.1 Fighting
 + Level 2.1 Armour
 + Level 2.6 Dodging
 - Level 2.4 Stealth
 - Level 3.0 Spellcasting
 - Level 1.0 Conjurations
 + Level 10.2 Alchemy


You had 8 spell levels left.
You knew the following spells:

 Your Spells              Type           Power      Damage    Failure   Level
a - Sting                 Conj/Alch      88%        1d8       1%          1
o - Olgreb's Toxic Radia  Alch           39%        N/A       2%          4

Your spell library contained the following spells:

 Spells                   Type           Power      Damage    Failure   Level
 Mercury Vapours          Alch/Air       42%        N/A       3%          2
 Mephitic Cloud           Conj/Alch/Air  16%        N/A       11%         3
 Apportation              Tloc           4%         N/A       16%         1
 Necrotise                Necr           8%         1d4       16%         1
 Summon Small Mammal      Summ           8%         N/A       16%         1
 Sticky Flame             Fire/Alch      21%        2d6       21%         4
 Call Imp                 Summ           4%         N/A       24%         2
 Sublimation of Blood     Necr           2%         N/A       24%         2
 Fugue of the Fallen      Necr           2%         N/A       43%         3
 Ozocubu's Armour         Ice            2%         N/A       43%         3
 Vampiric Draining        Necr           2%         2d6       43%         3
 Manifold Assault         Tloc           2%         N/A       85%         4
 Martyr's Knell           Necr/Summ      2%         N/A       85%         4
 Curse of Agony           Necr           2%         N/A       99%         5
 Summon Hydra             Summ           1%         N/A       100%        7


Dungeon Overview and Level Annotations

Branches:
Dungeon (5/15)             Temple (1/1) D:4

Altars:
Ashenzari
Elyvilon
Fedhas
Gozag
Hepliaklqana
Makhleb
Nemelex Xobeh
Okawaru
Qazlal
Ru
Sif Muna
Trog
Uskayaw
Vehumet
Wu Jian
Xom
Yredelemnul
Zin
The Shining One

Annotations:
D:4 2 runed translucent doors, Pokrew's ghost, weakling DECj


Innate Abilities, Weirdness & Mutations

You cannot be hasted, slowed, berserked, paralysed or teleported.
You can dig through walls and to a lower floor.
You have a pair of large antennae on your head. (SInv)
Your four strong arms can wield two-handed weapons with a shield.


Message History

Your +1 spectral quarterstaff misses the water moccasin.
* * * LOW HITPOINT WARNING * * *
You feel extremely sick. The water moccasin bites you.
Unknown command.
It was a potion of curing.
You feel better.
Your +1 spectral quarterstaff disappears.
The water moccasin barely misses you.
The water moccasin bites you but does no damage.
You barely miss the water moccasin.
The water moccasin is lightly wounded.
Your +1 spectral quarterstaff hits the water moccasin!
The water moccasin bites you!
* * * LOW HITPOINT WARNING * * *
The water moccasin bites you but does no damage.
You closely miss the water moccasin.
The water moccasin is moderately wounded.
Your +1 spectral quarterstaff hits the water moccasin.
The water moccasin misses you. The water moccasin bites you!
* * * LOW HITPOINT WARNING * * *
You closely miss the water moccasin.
The water moccasin is heavily wounded.
Your +1 spectral quarterstaff hits the water moccasin but does no damage.
The water moccasin closely misses you.
You completely miss the water moccasin.
The water moccasin is heavily wounded.
Your +1 spectral quarterstaff barely misses the water moccasin.
The water moccasin closely misses you. The water moccasin barely misses you.
You closely miss the water moccasin.
The water moccasin is heavily wounded.
Your +1 spectral quarterstaff hits the water moccasin.
The water moccasin bites you but does no damage.
The water moccasin barely misses you.
You closely miss the water moccasin.
The water moccasin is heavily wounded.
Your +1 spectral quarterstaff misses the water moccasin.
The water moccasin bites you.
* * * LOW HITPOINT WARNING * * *
The water moccasin bites you.
You die...

####'####.†.....
####...###.......
#..##_##..###....
#...###..##......
#...##...#....... #
#...####......... ##.#
##....###.........
##..†.#.......#.........
#.....S@...............#
##.#..(....##.........##
##.................#
#...................#
...!..................
#....##....#...........
##... ....##....#....#.
.... ....##....#...##.
##


You could see a water moccasin and a friendly +1 spectral quarterstaff.

Vanquished Creatures
  2 black bears
  An ogre (D:5)
  3 bombardier beetles
  A hound (D:5)
  An orc priest (D:3)
  2 iguanas (D:4)
  4 orc wizards
  4 adders
  7 gnolls
  A dart slug (D:3)
  4 orcs
  9 endoplasms
  5 goblins
  9 hobgoblins
  4 jackals (D:2)
  A quokka (D:1)
  6 ball pythons
  7 bats
  5 frilled lizards
  4 kobolds
  6 rats
  2 butterflies (D:4)
88 creatures vanquished.

Vanquished Creatures (others)
  An orc wizard (D:3)
1 creature vanquished.

Grand Total: 89 creatures vanquished

Notes
Turn   | Place    | Note
-------+----------+-------------------------------------------
     0 | D:1      | mopl the Formicid Alchemist began the quest for the Orb.
     0 | D:1      | Reached XP level 1. HP: 13/13 MP: 3/3
    30 | D:1      | Reached skill level 1 in Conjurations
   204 | D:1      | Reached XP level 2. HP: 19/19 MP: 0/5
   544 | D:1      | Reached XP level 3. HP: 23/24 MP: 0/7
   951 | D:2      | Reached skill level 5 in Alchemy
  1011 | D:2      | Reached XP level 4. HP: 11/30 MP: 2/8
  1369 | D:2      | Reached skill level 6 in Alchemy
  1512 | D:2      | Learned a level 4 spell: Olgreb's Toxic Radiance
  1851 | D:3      | Reached XP level 5. HP: 22/35 MP: 4/9
  1858 | D:3      | Reached skill level 7 in Alchemy
  2009 | D:3      | Identified the +4 dagger "Xeph" {freeze, SInv Stlth+}
  2043 | D:3      | Reached XP level 6. HP: 41/41 MP: 5/10
  2433 | D:3      | Found a faded altar of an unknown god.
  2437 | D:3      | Found a basalt altar of Yredelemnul.
  2557 | D:3      | Reached skill level 8 in Alchemy
  2803 | D:4      | Found a staircase to the Ecumenical Temple.
  2820 | Temple   | Entered the Ecumenical Temple
  2962 | D:4      | Found a shimmering altar of Xom.
  2998 | D:4      | Found a glowing golden altar of the Shining One.
  3227 | D:4      | Noticed a black bear
  3236 | D:4      | Killed a black bear
  3237 | D:4      | Reached skill level 9 in Alchemy
  3237 | D:4      | Reached XP level 7. HP: 31/46 MP: 1/11
  3374 | D:4      | Found a runed translucent door.
  3374 | D:4      | Noticed Pokrew's ghost (weakling DECj)
  3482 | D:4      | Found a runed translucent door.
  3625 | D:5      | Entered Level 5 of the Dungeon
  3705 | D:5      | Reached skill level 1 in Fighting
  3705 | D:5      | Reached skill level 1 in Armour
  3705 | D:5      | Reached skill level 10 in Alchemy
  3793 | D:5      | Found a shimmering blue altar of Sif Muna.
  3796 | D:5      | Found a white marble altar of Elyvilon.
  3798 | D:5      | Found a sacrificial altar of Ru.
  3816 | D:5      | Reached XP level 8. HP: 56/56 MP: 7/12
  3849 | D:5      | Slain by a water moccasin

Illustrated notes

Levels and vault maps discovered:
D:1:      sevenhm_arrival_forest_fort_small_1, layout_loops_corners,
          nrook_mini_backslash
D:2:      layout_loops_ring, minmay_stone_trees_small
D:3:      layout_loops_corners, nicolae_overflow_ecumenical_swirl,
          serial_bayou_pond_e, kennysheep_generic_room_11
D:4:      black_bear_nest_2, layout_basic, xom_butterflies,
          mainiacjoe_overflow_chevrons, minmay_temple_entry_mist,
          ebering_ghost_sewer_f, minivault_1, kennysheep_generic_room_9
D:5:      layout_cave_pools, grunt_temple_overflow_diamond
Temple:   nicolae_temple_ecumenical_triangle

Skill      XL: |  1  2  3  4  5  6  7 |
---------------+----------------------+-----
Conjurations   | 1 |  1.0
Spellcasting   | 3 |  3.0
Alchemy        | 5 6 7 9 10 | 10.2
Dodging        | 2 |  2.6
Fighting       | 2 |  2.1
Armour         | 2 |  2.1
Stealth        | |  2.4

Action                     |  1- 3 |  4- 6 |  7- 9 || total
---------------------------+-------+-------+-------++-------
  Melee: Unarmed           |    10 |       |       ||    10
         Dagger            |    14 |    42 |     5 ||    61
         Punch             |       |     1 |       ||     1
         Quarterstaff      |       |       |    15 ||    15
   Cast: Sting             |    50 |    55 |    10 ||   115
         Olgreb's Toxic Ra |       |     8 |     4 ||    12
    Use: Potion            |       |       |     1 ||     1
   Stab: Sleeping          |     1 |     4 |       ||     5
 Armour: Robe              |    16 |    31 |    20 ||    67
  Dodge: Dodged            |    24 |    31 |    21 ||    76
